 Dungeon Sprint DCSS version 0.29-a0-304-gb34f9e133a (webtiles) character file.

Game seed: 6293732764314413742

6814 Conn the Scorcher (level 11, -6/66 HPs)
             Began as an Octopode Fire Elementalist on Mar 26, 2022.
             Was the Champion of Sif Muna.
             Killed from afar by a rime drake (19 damage)
             ... with a flash freeze
             ... in the Dungeon (Sprint VII: "The Pits").
             The game lasted 00:34:15 (2792 turns).

Conn the Scorcher (Octopode Fire Elementalist)      Turns: 2792, Time: 00:34:16

Health: -6/66      AC:  1    Str: 10    XL:     11   Next: 5%
Magic:  10/28      EV: 16    Int: 21    God:    Sif Muna [******]
Gold:   0          SH:  4    Dex: 17    Spells: 3/37 levels left

rFire   . . .      SeeInvis .   o - +2 rapier (venom)
rCold   . . .      Faith    .   (no shield)
rNeg    . . .      Spirit   .   (helmet restricted)
rPois   .          Reflect  .   (no amulet)
rElec   .          Harm     .   d - +3 ring of strength
rCorr   .          Rampage  .   f - +3 ring of dexterity
Will    .....      NoTele   +   (no ring)
Stlth   +++++.....              (no ring)
HPRegen 0.21/turn               (no ring)
MPRegen 0.21/turn               (no ring)
                                (no ring)
                                (no ring)

@: no status effects
A: almost no armour, amphibious, 8 rings, camouflage 1, gelatinous body 1,
(nimble swimmer 1), tentacles, large bone plates 1
a: Renounce Religion, Channel Magic, Forget Spell, Divine Exegesis


You were in the Dungeon.
You worshipped Sif Muna.
Sif Muna was exalted by your worship.
You visited 1 branch

Inventory:

Hand Weapons
 g - a +2 dagger
 k - a +1 dagger of venom
 l - a +2 flail of protection
 o - a +2 rapier of venom (weapon)
Jewellery
 d - a +3 ring of strength (left tentacle)
 f - a +3 ring of dexterity (right tentacle)
Scrolls
 i - 5 scrolls of amnesia
Potions
 a - 5 potions of magic
 b - 6 potions of curing
 c - 8 potions of heal wounds
 e - 3 potions of berserk rage
 m - 2 potions of might
 n - 2 potions of mutation


   Skills:
 + Level 2.9 Fighting
 + Level 3.4 Short Blades
 + Level 1.7 Maces & Flails
 + Level 5.9 Dodging
 + Level 7.9 Stealth
 + Level 0.3 Shields
 + Level 13.5 Spellcasting
 * Level 10.4 Conjurations
 + Level 5.4 Hexes
 + Level 15.1 Fire Magic
 + Level 3.7 Air Magic
 + Level 5.4 Invocations


You had 3 spell levels left.
You knew the following spells:

 Your Spells              Type           Power      Damage    Failure   Level
a - Foxfire               Conj/Fire      100%       2x1d9     1%          1
b - Conjure Flame         Conj/Fire      61%        6-21      1%          3
c - Inner Flame           Hex/Fire       55%        N/A       1%          3
d - Flame Wave            Conj/Fire      61%        2d12      1%          4
e - Scorch                Fire           100%       2d10      0%          2
f - Iskenderun's Battles  Conj           55%        2d11      1%          5
g - Fulminant Prism       Conj/Hex       23%        3d13      1%          4
h - Lightning Bolt        Conj/Air       21%        1d36      7%          5
i - Sticky Flame          Conj/Fire      61%        2d8       1%          4
j - Mephitic Cloud        Conj/Pois/Air  33%        N/A       1%          3

Your spell library contained the following spells:

 Spells                   Type           Power      Damage    Failure   Level
 Magic Dart               Conj           100%       1d8       1%          1
 Static Discharge         Conj/Air       43%        N/A       1%          2
 Dazzling Flash           Conj/Hex       94%        N/A       1%          3
 Tukima's Dance           Hex            37%        N/A       1%          3
 Beastly Appendage        Tmut           28%        N/A       4%          1
 Sandblast                Erth           28%        2d8       4%          1
 Teleport Other           Tloc           14%        N/A       14%         3
 Silence                  Hex/Air        16%        N/A       19%         5
 Conjure Ball Lightning   Conj/Air       21%        3x3d6     36%         6
 Summon Mana Viper        Hex/Summ       25%        N/A       38%         5
 Dispel Undead            Necr           14%        3d10      41%         4
 Statue Form              Tmut/Erth      9%         N/A       100%        6
 Haunt                    Necr/Summ      7%         N/A       100%        7
 Discord                  Hex            18%        N/A       100%        8
 Disjunction              Tloc           7%         N/A       100%        8
 Lehudib's Crystal Spear  Conj/Erth      18%        10d5      100%        8
 Necromutation            Tmut/Necr      7%         N/A       100%        8


Dungeon Overview and Level Annotations

Branches:
Dungeon (1/1)

Altars:
Ashenzari
Cheibriados
Dithmenos
Elyvilon
Fedhas
Gozag
Hepliaklqana
Kikubaaqudgha
Makhleb
Nemelex Xobeh
Okawaru
Qazlal
Ru
Sif Muna
Trog
Uskayaw
Vehumet
Wu Jian
Xom
Yredelemnul
Zin
The Shining One
Beogh
Jiyva
Lugonu


Innate Abilities, Weirdness & Mutations

You cannot wear most types of armour.
You are amphibious.
You can wear up to eight rings at the same time.
Your skin changes colour to match your surroundings (Stealth+).
Your rubbery body absorbs attacks. (AC +1, EV +1)
((You are camouflaged when in or above water. (Stealth+)))
You have tentacles for arms and can constrict up to eight enemies at once.
You are partially covered in large bone plates. (SH +4)


Message History

Your foxfire dissipates!
A crimson imp is nearby!
Casting: Foxfire (safe; 1% risk of failure)
Confirm with . or Enter, or press ? or * to list all spells.
You conjure some foxfire!
Your foxfire dissipates!
Your battlesphere fires!
The barrage of energy hits the crimson imp!
You kill the crimson imp!
Sif Muna accepts your kill.
You see here Sif Muna's Grimoire of Bewitchment and Orientation {god gift}.
Sif Muna grants you a gift!
You pick up Sif Muna's Grimoire of Bewitchment and Orientation {god gift} and begin reading...
You add the spells Tukima's Dance, Teleport Other, Silence, Summon Mana Viper, Discord and Disjunction to your library.
You start resting.
Your foxfire dissipates!
You start resting.
A rime drake is nearby!
Casting: Foxfire (safe; 1% risk of failure)
Confirm with . or Enter, or press ? or * to list all spells.
Aiming: Mephitic Cloud (safe; 1% risk of failure)
Press: ? - help, Shift-Dir - straight line, f - rime drake
Aim: a rime drake (confused, chance to affect: 72%)
The ball explodes into a vile cloud!
The stinking cloud engulfs the rime drake but does no damage.
You hear a trumpeting!
Your battlesphere fires!
The barrage of energy hits the rime drake!
The rime drake is moderately wounded.
The rime drake is engulfed in noxious fumes.
Casting: Mephitic Cloud (safe; 1% risk of failure)
Confirm with . or Enter, or press ? or * to list all spells.
Flames lash the rime drake.
The rime drake is severely wounded.
The rime drake's fire resistance burns away.
The rime drake seems less confused.
An elephant comes into view.
The rime drake breathes ice at you. The flash freeze hits you!!
You die...

.##................#
.#####'#####''######
)##.......##''############## ##
)##.......##......#...'....# #...
[##.......##....###...###...#..)#
###...<...##...##.'.).)÷##.....#
.##.......##.s##..##'##).##..)#
.##.......##..#..##...##..'...#
###.......##..#*@#.....#..#...#..
.###########.:+..+.....'..)...'..
############..#..#....†#..#...#..
#....#..[[##..#.k##...##..'...#
#....#..[[##..##§Y##+##..##...#
'....'..).##...##.'§ +.## ....#
#..).#..))##....###.v.## #...#
#....#..))##......#k..+ #...
################### ### ##


You could see an elephant, a rime drake (catching breath, combustible, ally
target) and a friendly battlesphere.

Vanquished Creatures
  2 sea snakes (D)
  A swamp dragon (D)
  A flayed ghost (D)
  An orc knight (D)
  An orc sorcerer (D)
  An elephant (D)
  2 orange demons (D)
  A komodo dragon (D)
  A kobold demonologist (D)
  A guardian mummy (D)
  A jumping spider (D)
  A shadow (D)
  A spriggan (D)
  A warg (D)
  A floating eye (D)
  Duvessa (D)
  3 orc warriors (D)
  A swamp drake (D)
  5 wolves (D)
  An ogre (D)
  A necrophage (D)
  6 wights (D)
  Dowan (D)
  2 crimson imps (D)
  A quasit (D)
  A hound (D)
  A jelly (D)
  2 orc priests (D)
  Terence (D)
  An orc wizard (D)
  A hell rat (D)
  A mummy (D)
  A gnoll (D)
  A river rat (D)
  An adder (D)
  3 ufetubi (D)
  A worm (D)
  4 orcs (D)
  A bat skeleton (D)
  An endoplasm (D)
  A giant cockroach (D)
  A quokka (D)
  A bat simulacrum (D)
  A quokka zombie (D)
64 creatures vanquished.

Vanquished Creatures (others)
  142 foxfires (D)
  2 fulminant prisms (D)
144 creatures vanquished.

Grand Total: 208 creatures vanquished

Notes
Turn   | Place    | Note
-------+----------+-------------------------------------------
     0 | D        | Conn the Octopode Fire Elementalist began the quest for the
                  | Orb.
     0 | D        | Reached XP level 1. HP: 11/11 MP: 3/3
    10 | D        | Noticed a floating eye
    13 | D        | Killed a floating eye
    14 | D        | Reached skill level 7 in Fire Magic
    14 | D        | Reached XP level 2. HP: 17/17 MP: 0/7
    14 | D        | Reached XP level 3. HP: 21/21 MP: 0/8
    14 | D        | Reached XP level 4. HP: 27/27 MP: 0/10
    95 | D        | Found a bloodstained altar of Trog.
    95 | D        | Found a shimmering blue altar of Sif Muna.
    95 | D        | Found a viscous altar of Jiyva.
    95 | D        | Found a hazy altar of Hepliaklqana.
    95 | D        | Found an opulent altar of Gozag.
    96 | D        | Found a glowing golden altar of the Shining One.
    96 | D        | Found a glowing silver altar of Zin.
    96 | D        | Found a basalt altar of Yredelemnul.
    96 | D        | Found a shimmering altar of Xom.
    96 | D        | Found an ornate altar of the Wu Jian Council.
    96 | D        | Found a sacrificial altar of Ru.
    96 | D        | Found a stormy altar of Qazlal.
    96 | D        | Found an iron altar of Okawaru.
    96 | D        | Found a sparkling altar of Nemelex Xobeh.
    96 | D        | Found a burning altar of Makhleb.
    96 | D        | Found a blossoming altar of Fedhas.
    96 | D        | Found a white marble altar of Elyvilon.
    96 | D        | Found a shadowy altar of Dithmenos.
    96 | D        | Found a snail-covered altar of Cheibriados.
    98 | D        | Found a corrupted altar of Lugonu.
    98 | D        | Found a radiant altar of Vehumet.
    99 | D        | Found an ancient bone altar of Kikubaaqudgha.
    99 | D        | Found a hide-covered altar of Uskayaw.
    99 | D        | Found a broken altar of Ashenzari.
   100 | D        | Became a worshipper of Sif Muna the Loreminder
   136 | D        | Learned a level 3 spell: Conjure Flame
   140 | D        | Learned a level 3 spell: Inner Flame
   145 | D        | Learned a level 4 spell: Flame Wave
   150 | D        | Reached * piety under Sif Muna
   151 | D        | Reached XP level 5. HP: 20/31 MP: 6/11
   267 | D        | Reached skill level 5 in Stealth
   267 | D        | Reached skill level 8 in Fire Magic
   415 | D        | Learned a level 2 spell: Scorch
   425 | D        | Reached ** piety under Sif Muna
   569 | D        | Reached skill level 5 in Spellcasting
   572 | D        | Reached *** piety under Sif Muna
   573 | D        | Reached skill level 9 in Fire Magic
   587 | D        | Reached skill level 1 in Fighting
   587 | D        | Reached XP level 6. HP: 38/38 MP: 0/15
   635 | D        | Reached skill level 5 in Dodging
   635 | D        | Reached skill level 10 in Fire Magic
   635 | D        | Reached skill level 1 in Invocations
   641 | D        | Reached **** piety under Sif Muna
   642 | D        | Reached skill level 1 in Hexes
   657 | D        | Reached XP level 7. HP: 23/43 MP: 1/17
   825 | D        | Reached ***** piety under Sif Muna
  1125 | D        | Received a gift from Sif Muna
  1126 | D        | Reached skill level 1 in Short Blades
  1128 | D        | Got Gauroun's Volume of Hurtful Transmutation {god gift}
  1136 | D        | Learned a level 5 spell: Iskenderun's Battlesphere
  1138 | D        | Noticed a komodo dragon
  1145 | D        | Killed a komodo dragon
  1146 | D        | Reached skill level 11 in Fire Magic
  1330 | D        | Noticed Terence
  1330 | D        | Noticed a flayed ghost
  1330 | D        | Noticed an orc knight
  1346 | D        | Killed a flayed ghost
  1347 | D        | Reached skill level 1 in Maces & Flails
  1347 | D        | Reached skill level 5 in Conjurations
  1347 | D        | Reached XP level 8. HP: 51/51 MP: 5/20
  1472 | D        | Killed Terence
  1475 | D        | Killed an orc knight
  1476 | D        | Reached skill level 12 in Fire Magic
  1476 | D        | Reached XP level 9. HP: 30/55 MP: 7/22
  1796 | D        | Noticed Duvessa
  1796 | D        | Noticed Dowan
  1802 | D        | Killed Dowan
  1802 | D        | Received a gift from Sif Muna
  1803 | D        | Got Sif Muna's Catalogue of Hurtful Evil {god gift}
  1807 | D        | Killed Duvessa
  1811 | D        | Reached skill level 10 in Spellcasting
  1919 | D        | Learned a level 4 spell: Fulminant Prism
  1919 | D        | Noticed a sea snake
  1925 | D        | Killed a sea snake
  1926 | D        | Reached skill level 13 in Fire Magic
  1935 | D        | Noticed an elephant
  1936 | D        | Noticed a sea snake
  1960 | D        | Gained mutation: You are partially covered in large bone
                  | plates. (SH +4) [potion of mutation]
  1963 | D        | Killed a sea snake
  1963 | D        | Killed an elephant
  1964 | D        | Reached XP level 10. HP: 43/62 MP: 16/25
  1981 | D        | Noticed an emperor scorpion
  1984 | D        | Received a gift from Sif Muna
  1992 | D        | Reached skill level 5 in Hexes
  2162 | D        | Learned a level 5 spell: Lightning Bolt
  2221 | D        | Reached skill level 1 in Air Magic
  2372 | D        | Received a gift from Sif Muna
  2380 | D        | Learned a level 4 spell: Sticky Flame
  2395 | D        | Noticed an orc knight
  2395 | D        | Noticed an orc sorcerer
  2401 | D        | Killed an orc sorcerer
  2401 | D        | Reached ****** piety under Sif Muna
  2402 | D        | Reached skill level 14 in Fire Magic
  2417 | D        | Noticed an orange demon
  2423 | D        | Killed an orange demon
  2464 | D        | Noticed an orange demon
  2476 | D        | Killed an orange demon
  2476 | D        | Received a gift from Sif Muna
  2477 | D        | Got Sif Muna's Collected Works on Stones and Combat Magic
                  | {god gift}
  2482 | D        | Learned a level 3 spell: Mephitic Cloud
  2509 | D        | Reached skill level 5 in Invocations
  2632 | D        | Noticed a kobold demonologist
  2641 | D        | Killed a kobold demonologist
  2642 | D        | Reached skill level 10 in Conjurations
  2751 | D        | Noticed a swamp dragon
  2765 | D        | Killed a swamp dragon
  2766 | D        | Reached skill level 15 in Fire Magic
  2766 | D        | Reached XP level 11. HP: 7/66 MP: 12/28
  2783 | D        | Received a gift from Sif Muna
  2784 | D        | Got Sif Muna's Grimoire of Bewitchment and Orientation {god
                  | gift}
  2792 | D        | Killed from afar by a rime drake

Illustrated notes

Levels and vault maps discovered:
D:        pitsprint [storerooms_1, entrance_room_1, metal_vault_6, armoury_1,
          mini_pit_1, grid_room_1, main_hall_1, silver_pit, the_coven_3,
          the_vestibule_1, steel_vault_4, golden_pit, hallway_of_sentries,
          crystal_vault_2, iron_vault_4, final_vault]

Skill      XL: |  1  2  3  4  5  6  7  8  9 10 |
---------------+-------------------------------+-----
Dodging        | 3 4 5 |  5.9
Stealth        | 4 5 6 7 |  7.9
Spellcasting   | 4 6 8 9 11 13 | 13.5
Fire Magic     | 7 9 10 11 12 13 15 | 15.1
Conjurations   | 3 5 6 8 10 | 10.4
Fighting       | 1 2 |  2.9
Invocations    | 2 3 4 5 |  5.4
Hexes          | 1 2 3 4 5 |  5.4
Short Blades   | 3 |  3.4
Maces & Flails | 1 |  1.7
Air Magic      | 3 |  3.7
Shields        | |  0.3

Action                   |  1- 3 |  4- 6 |  7- 9 | 10-12 || total
-------------------------+-------+-------+-------+-------++-------
Melee: Constrict         |     1 |     4 |     4 |     1 ||    10
       Unarmed           |     1 |       |       |       ||     1
       Dagger            |       |    20 |     6 |       ||    26
       Tentacles         |       |     6 |     3 |     1 ||    10
       Flail             |       |       |     4 |       ||     4
       Rapier            |       |       |     1 |     2 ||     3
 Cast: Foxfire           |     3 |    22 |    22 |    39 ||    86
       Scorch            |       |     6 |    18 |    27 ||    51
       Inner Flame       |       |     3 |    12 |     7 ||    22
       Conjure Flame     |       |     1 |     3 |     2 ||     6
       Iskenderun's Batt |       |       |     2 |     7 ||     9
       Fulminant Prism   |       |       |     2 |       ||     2
       Flame Wave        |       |       |       |     2 ||     2
       Mephitic Cloud    |       |       |       |     2 ||     2
       Sticky Flame      |       |       |       |     1 ||     1
Invok: Channel Magic     |       |       |     2 |     1 ||     3
  Use: Potion            |       |     1 |     8 |     1 ||    10
       Scroll            |       |       |     2 |       ||     2
 Stab: Sleeping          |       |       |     1 |     1 ||     2
Armor: Skin              |       |     1 |     1 |       ||     2
Dodge: Dodged            |       |    19 |    22 |    14 ||    55
Block: Other             |       |       |       |     1 ||     1

Table legend: (Time is in decaauts)
 A = Elapsed time spent in this place.
 B = Non-inter-level travel time spent in this place.
 C = Inter-level travel time spent in this place.
 D = Time resting spent in this place.
 E = Time spent auto-exploring this place.
 F = Levels seen in this place.
 G = Mean time per level.
                   A        B        C        D        E       F      G
               +--------+--------+--------+--------+--------+-----+--------+
         Total |   2752 |   2752 |      0 |   1602 |    187 |   1 | 2752.0 |
       Dungeon |   2752 |   2752 |      0 |   1602 |    187 |   1 | 2752.0 |
               +--------+--------+--------+--------+--------+-----+--------+

Top non-repeatable levels by time:
       D: 2752 daAuts
